 Dungeon Crawl Stone Soup version 0.27-a0-732-ga892ba84f6 (webtiles) character file.

Game seed: 16265631366244782070

362 olmar the Slasher (level 6, -4/47 HPs)
             Began as a Djinni Chaos Knight on Mar 23, 2021.
             Was a Plaything of Xom.
             Slain by Robin
             ... wielding a +0 spear
              (5 damage)
             ... on level 4 of the Dungeon.
             The game lasted 00:05:36 (3255 turns).

olmar the Slasher (Djinni Chaos Knight)             Turns: 3255, Time: 00:05:37

Health: -4/47      AC:  7    Str: 12    XL:     6   Next: 66%
Magic:  0/0        EV: 12    Int: 14    God:    Xom [....*.]
Gold:   106        SH:  0    Dex: 13    Spells: 2/5 levels left

rFire    + + .     SeeInvis .   a - +0 falchion (chaos)
rCold    x . .     Faith    .   (no shield)
rNeg     . . .     Spirit   .   b - +2 leather armour
rPois    ∞         Reflect  .   (no helmet)
rElec    .         Harm     .   (no cloak)
rCorr    .         Rampage  .   e - +1 pair of gloves
Will     .....                  (boots unavailable)
Stlth    +.........             (no amulet)
HPRegen  0.15/turn              h - ring of wizardry
MPRegen  0.00/turn              (no ring)

@: mighty, brilliant, flying
A: fire resistance 2, cold vulnerability 1, float, innate caster, hp casting,
extra vitality 1
a: Renounce Religion


You were on level 4 of the Dungeon.
You worshipped Xom.
You were a beloved toy of Xom.
You visited 1 branch of the dungeon, and saw 4 of its levels.

You collected 106 gold pieces.

Inventory:

Hand Weapons
 a - a +0 falchion of chaos (weapon)
Armour
 b - a +2 leather armour (worn)
 e - a +1 pair of gloves (worn)
Jewellery
 h - a ring of wizardry (right hand)
 l - an amulet of the acrobat
Scrolls
 d - 8 scrolls of identify {unknown}
 j - 2 scrolls of immolation {unknown}
 m - a scroll of vulnerability {unknown}
 n - a scroll of enchant weapon {unknown}
 o - a scroll of amnesia {unknown}
Potions
 f - a potion of curing {unknown}
 g - a potion of brilliance
 i - a potion of might
 k - 2 potions of lignification {unknown}
 p - a potion of flight {unknown}
 q - a potion of degeneration {unknown}


   Skills:
 + Level 4.0 Fighting
 + Level 5.4 Long Blades
 + Level 2.8 Armour
 + Level 3.4 Dodging
 - Level 0.1 Stealth


You had 2 spell levels left.
You knew the following spells:

 Your Spells              Type           Power      Damage    Failure   Level
a - Freeze                Ice            0%         1d3       16%         1
b - Passwall              Tmut/Erth      0%         N/A       22%         2
Your spell library was empty.

Dungeon Overview and Level Annotations

Branches:
Dungeon (4/15)
 Temple: D:4-7

Altars:

Shops:
D:3 *

Annotations:
D:4 Dowan, Robin


Innate Abilities, Weirdness & Mutations

You are immune to poison.
Your flesh is very heat resistant. (rF++)
You are vulnerable to cold. (rC-)
You float through the air rather than walking.
You learn spells naturally, not from books.
Your magical power is your life essence.
You have superior vitality. (+4 HP)


Message History

You kill the goblin!
Unknown command.
You closely miss the goblin. Something hits you but does no damage.
The goblin closely misses you.
Unknown command.
You slash the goblin! You burn the goblin.
You kill the goblin!
Unknown command.
Unknown command.
You slash Dowan!
Dowan seems to grow stronger.
Dowan is heavily wounded.
Dowan points at you and mumbles some strange words.
The stone arrow hits you! Dowan hits you but does no damage.
Unknown command.
You closely miss Dowan.
Dowan is heavily wounded.
Dowan hits you with a +0 dagger.
* * * LOW HITPOINT WARNING * * *
Unknown command.
You feel much better. Dowan barely misses you.
You riposte.
You barely miss Dowan.
Dowan is heavily wounded.
Something hits you but does no damage. Dowan gestures at you while chanting.
The stone arrow hits you!
Unknown command.
You closely miss Dowan.
Dowan is heavily wounded.
Dowan hits you with a +0 dagger!
* * * LOW HITPOINT WARNING * * *
Something hits you.
* * * LOW HITPOINT WARNING * * *
You hit Dowan.
Dowan's magic leaks into the air.
Dowan is almost dead.
Your butterfly disappears in a puff of smoke! x2
Dowan points at you and mumbles some strange words.
The stone arrow hits you!
* * * LOW HITPOINT WARNING * * *
Something hits you.
You die...

#.##....##.###..##
######'##....#..#.....#
.............#.##.....#
...#......##.#. #.....#
...#...(..##.#. #.....# #
...#########.#.##.....##.#.#
...# #.#.............# ...#
#####{....#.### ...#
#§b@eg....# # ...#
#.###.))#.# ...# #' #...#...
...# .. ....##.... #### ...
..##..[.>## # .......
#.#.#.# .... #....... .#.#
.... ####'#.. .# # .....
#.#..


You could see Dowan (fast, strong) and a goblin (strong).

Vanquished Creatures
  Duvessa (D:4)
  A scorpion (D:3)
  A howler monkey (D:4)
  A hound (D:4)
  A gnoll (D:1)
  5 adders
  4 dart slugs
  An orc (D:4)
  7 ball pythons
  3 bats
  6 giant cockroaches
  12 goblins
  8 hobgoblins
  A jackal (D:1)
  2 kobolds
  2 oozes
  8 quokkas
  A frilled lizard (D:3)
  6 rats
71 creatures vanquished.

Vanquished Creatures (collateral kills)
  An adder (D:4)
  An orc (D:4)
2 creatures vanquished.

Vanquished Creatures (others)
  8 toadstools
8 creatures vanquished.

Grand Total: 81 creatures vanquished

Notes
Turn   | Place    | Note
-------+----------+-------------------------------------------
     0 | D:1      | olmar the Djinni Chaos Knight began the quest for the Orb.
     0 | D:1      | Reached XP level 1. HP: 20/20 MP: 0/0
    92 | D:1      | Reached XP level 2. HP: 16/25 MP: 0/0
   108 | D:1      | XOM: silly message
   174 | D:1      | XOM: divination: detect creatures
   215 | D:1      | XOM: silly message
   366 | D:1      | XOM: silly message
   424 | D:1      | Reached XP level 3. HP: 30/30 MP: 0/0
   424 | D:1      | Learned a level 1 spell: Freeze
   817 | D:1      | XOM: silly message
   868 | D:1      | XOM: silly message
  1031 | D:2      | XOM: chaos upgrade
  1043 | D:2      | Reached XP level 4. HP: 31/35 MP: 0/0
  1284 | D:2      | Reached skill level 4 in Long Blades
  1676 | D:3      | XOM: noise
  1681 | D:3      | XOM: potion effect (invisibility)
  1811 | D:3      | XOM: silly message
  1970 | D:3      | XOM: silly message
  1975 | D:3      | Reached XP level 5. HP: 37/41 MP: 0/0
  1975 | D:3      | Learned a level 2 spell: Passwall
  2111 | D:3      | Found Maalemio's Assorted Antiques.
  2641 | D:4      | XOM: summons 3 hostile demons
  3008 | D:4      | XOM: summons friendly quasit
  3013 | D:4      | Reached skill level 5 in Long Blades
  3013 | D:4      | Reached XP level 6. HP: 43/47 MP: 0/0
  3222 | D:4      | Noticed Duvessa
  3223 | D:4      | Noticed Robin
  3224 | D:4      | Noticed Dowan
  3235 | D:4      | XOM: scenery: summon butterflies
  3247 | D:4      | Killed Duvessa
  3255 | D:4      | HP: 1/47 [Dowan/stone arrow (9)]
  3255 | D:4      | Slain by Robin

Illustrated notes

Levels and vault maps discovered:
D:1:      ldierk_water_garden, layout_loops_cross, minmay_octomino_e4
D:2:      layout_loops_ring, minmay_misc_feat_tiny, minmay_curled_crystal
D:3:      layout_loops_cross, nicolae_overflow_hidden_temple, serial_shops,
          nicolae_shop_crystal
D:4:      layout_basic, tgw_trog, minmay_gold_behind_fungi, uniq_robin,
          uniq_duvessa, uniq_sigmund

Skill      XL: |  1  2  3  4  5  6 |
---------------+-------------------+-----
Long Blades    | 4 5 |  5.4
Armour         | 2 |  2.8
Dodging        | 3 |  3.4
Fighting       | 4 |  4.0
Stealth        | |  0.1

Action                   |  1- 3 |  4- 6 || total
-------------------------+-------+-------++-------
Melee: Falchion          |    79 |   179 ||   258
 Cast: Freeze            |       |     1 ||     1
  Use: Potion            |     1 |     4 ||     5
 Stab: Paralysed         |     4 |     1 ||     5
       Sleeping          |     1 |     2 ||     3
       Invisible         |       |     1 ||     1
       Confused          |       |     1 ||     1
Armor: Leather armour    |    38 |    66 ||   104
Dodge: Dodged            |    69 |   141 ||   210
       Rpst.: Falchion   |    25 |    42 ||    67

Table legend: (Time is in decaauts)
 A = Elapsed time spent in this place.
 B = Non-inter-level travel time spent in this place.
 C = Inter-level travel time spent in this place.
 D = Time resting spent in this place.
 E = Time spent auto-exploring this place.
 F = Levels seen in this place.
 G = Mean time per level.
                   A        B        C        D        E       F      G
               +--------+--------+--------+--------+--------+-----+--------+
         Total |   3276 |   3205 |     71 |     35 |   2685 |   4 |  819.0 |
       Dungeon |   3276 |   3205 |     71 |     35 |   2685 |   4 |  819.0 |
               +--------+--------+--------+--------+--------+-----+--------+

Top non-repeatable levels by time:
     D:1: 1032 daAuts
     D:3: 891 daAuts
     D:4: 696 daAuts
     D:2: 656 daAuts
